 Dungeon Crawl Stone Soup version 0.29.1-1-gd02db6906a (webtiles) character file.

Game seed: 15410959319313487571

56 raph the Sneak (level 3, -3/21 HPs)
             Began as a Vampire Brigand on Oct 18, 2022.
             Slain by a hobgoblin (5 damage)
             ... led by Robin
             ... on level 2 of the Dungeon.
             The game lasted 00:01:53 (948 turns).

raph the Sneak (Vampire Brigand)                     Turns: 948, Time: 00:01:53

Health: -3/21      AC:  3    Str: 10    XL:     3   Next: 69%
Magic:  3/3        EV: 12    Int: 13    God:
Gold:   48         SH:  0    Dex: 17    Spells: 2/2 levels left

rFire   . . .      SeeInvis +   a - +2 dagger
rCold   + + .      Faith    .   (no shield)
rNeg    + + +      Spirit   .   b - +0 robe
rPois   ∞          Reflect  .   (no helmet)
rElec   .          Harm     .   c - +0 cloak
rCorr   .          Rampage  .   (no gloves)
Will    .....                   (no boots)
Stlth   +++++.....              (no amulet)
HPRegen 0.00/turn               (no ring)
MPRegen 0.08/turn               (no ring)

@: bloodless, inhibited regen
A: bloodless, fangs 3, see invisible, vampiric 2
a: Bat Form, Revivify


You were on level 2 of the Dungeon.
You visited 1 branch of the dungeon, and saw 2 of its levels.

You collected 48 gold pieces.

Inventory:

Hand Weapons
 a - a +2 dagger (weapon)
Missiles
 d - 9 poisoned darts (quivered)
 e - 3 curare-tipped darts
Armour
 b - a +0 robe (worn)
 c - a +0 cloak (worn)
Scrolls
 f - a scroll of teleportation
 g - a scroll of enchant armour {unknown}
Potions
 h - a potion of flight
 j - a potion of berserk rage


   Skills:
 + Level 2.0 Fighting
 * Level 3.1 Short Blades
 + Level 1.9 Throwing
 + Level 1.8 Dodging
 * Level 6.5 Stealth


You had 2 spell levels left.
You didn't know any spells.
Your spell library was empty.

Dungeon Overview and Level Annotations

Branches:
Dungeon (2/15)

Altars:


Innate Abilities, Weirdness & Mutations

You do not regenerate when monsters are visible.
You are frail without blood (-20% HP).
You can heal yourself when you bite living creatures.
You are immune to poison.
You have razor-sharp teeth.
You have supernaturally acute eyesight. (SInv)
You are afflicted with vampirism and can become a bat while bloodless.


Message History

Robin is heavily wounded.
You barely miss Robin.
Robin is heavily wounded.
Robin misses you.
You hit Robin.
Robin is heavily wounded.
Robin hits you with a +0 short sword.
You hit Robin but do no damage.
Robin is heavily wounded.
Robin throws the goblin at you!
You hit Robin but do no damage.
Robin is heavily wounded.
The goblin barely misses you.
You hit Robin.
Robin is severely wounded.
The goblin misses you.
You closely miss the goblin. You hit Robin but do no damage.
You bite Robin, but do no damage.
Robin is severely wounded.
A goblin comes into view. It is wielding a +0 club.
Robin hits you but does no damage.
The goblin hits you with a +0 dagger. x2
You closely miss Robin.
Robin is severely wounded.
The goblin hits you but does no damage. The goblin hits you with a +0 dagger.
You hit Robin.
Robin is almost dead.
The goblin hits you but does no damage. The goblin hits you with a +0 dagger.
* * * LOW HITPOINT WARNING * * *
You hit Robin.
You kill Robin!
A goblin comes into view. It is wielding a +0 dagger.
The goblin hits you with a +0 dagger.
* * * LOW HITPOINT WARNING * * *
The goblin hits you with a +0 dagger.
* * * LOW HITPOINT WARNING * * *
You hit the goblin.
You kill the goblin!
The goblin barely misses you. The hobgoblin barely misses you.
The hobgoblin hits you.
You die...

#.......##.#
#..###.......
#.......##.# #..#
.......#
#.......##.####..#
#....#.#
#................#
.#....#
+..........###...#
#... #......###.#
#....... #......#
#.# #...###..
##..#### #.# #...#
#..# #@###...#
#..# #gg####.##
#..# ##..# ..## .
#####.g## #..#..
#.......###......
#....#...#...#
..(..###.....#
....# ##._.## ....
#.....#


You could see a hobgoblin (strong) and 2 goblins.

Vanquished Creatures
  Robin (D:2)
  2 adders (D:2)
  4 ball pythons
  2 bats (D:1)
  3 endoplasms
  3 goblins
  2 hobgoblins (D:1)
  2 jackals (D:1)
  3 quokkas
  4 frilled lizards (D:1)
  A kobold (D:1)
27 creatures vanquished.

Notes
Turn   | Place    | Note
-------+----------+-------------------------------------------
     0 | D:1      | raph the Vampire Brigand began the quest for the Orb.
     0 | D:1      | Reached XP level 1. HP: 16/16 MP: 1/1
   136 | D:1      | Reached skill level 6 in Stealth
   194 | D:1      | Reached XP level 2. HP: 17/17 MP: 2/2
   767 | D:2      | Gained mutation: You are afflicted with vampirism and can
                  | become a bat while bloodless. [Vampire growth]
   767 | D:2      | Reached XP level 3. HP: 14/21 MP: 3/3
   903 | D:2      | Found a faded altar of an unknown god.
   932 | D:2      | Noticed Robin
   946 | D:2      | Killed Robin
   948 | D:2      | Slain by a hobgoblin

Illustrated notes

Levels and vault maps discovered:
D:1:      tarquinn_simple_flora_water_e, layout_loops_ring, serial_bayou_pond_e,
          minmay_lizard_pond
D:2:      layout_basic, nicolae_ecumenical_snake_handling,
          nicolae_kite_square_tiling_tiny, uniq_terence, uniq_natasha,
          uniq_robin, uniq_sigmund

Skill      XL: |  1  2  3 |
---------------+----------+-----
Stealth        | 6 |  6.5
Fighting       | 2 |  2.0
Short Blades   | 3 |  3.1
Throwing       | |  1.9
Dodging        | |  1.8

Action                   || total
-------------------------++-------
Melee: Dagger            ||    60
       Bite              ||     3
       Punch             ||     1
Throw: Dart              ||     2
 Abil: Exsanguinate      ||     1
  Use: Scroll            ||     6
 Stab: Sleeping          ||    10
Armor: Robe              ||    18
Dodge: Dodged            ||    21
